 Dungeon Crawl Stone Soup version 0.29.1-1-gd02db6906a (webtiles) character file.

Game seed: 38752362274603510

10158 Icepheonix32 the Zephyrmancer (level 11, -1/135 HPs)
             Began as a Tengu Air Elementalist on Oct 3, 2022.
             Was an Elder of Vehumet.
             Shot with a bolt by a yaktaur (6 damage)
             ... on level 10 of the Dungeon.
             The game lasted 00:31:53 (14500 turns).

Icepheonix32 the Zephyrmancer (TeAE)               Turns: 14500, Time: 00:31:54

Health: -1/135     AC: 25    Str:  8    XL:     11   Next: 57%
Magic:  0/23       EV:  2    Int: 18    God:    Vehumet [****..]
Gold:   1052       SH:  0    Dex: 17    Spells: 3/25 levels left

rFire   + . .      SeeInvis .   z - +5 morningstar
rCold   . . .      Faith    .   (no shield)
rNeg    . . .      Spirit   +   (body armour currently unavailable)
rPois   +          Reflect  .   (helmet currently unavailable)
rElec   .          Harm     .   (cloak currently unavailable)
rCorr   .          Rampage  .   (gloves currently unavailable)
Will    .....      NoTele   +   (boots unavailable)
Stlth   ..........              w - amulet of guardian spirit
HPRegen 0.32/turn               g - ring of protection from fire
MPRegen 0.18/turn               (no ring)

@: berserking, tree-form, hasted, studying Dodging, very quick
A: stationary, stasis, torment immunity, boosted hp, (beak), (talons 3), nimble
flight, (cold resistance 1), sense surroundings 1
a: Renounce Religion


You were on level 10 of the Dungeon.
You worshipped Vehumet.
Vehumet was greatly pleased with you.
You were a tree.
You visited 1 branch of the dungeon, and saw 10 of its levels.

You collected 1052 gold pieces.

Inventory:

Hand Weapons
 o - a +2 dagger of protection
 z - a +5 morningstar (weapon)
 B - a +2 mace of draining
Missiles
 h - a throwing net
 x - 3 curare-tipped darts
 A - 4 silver boomerangs
Armour
 a - a +0 robe
 m - a +1 leather armour (melded)
Magical Staves
 u - a staff of cold
Jewellery
 g - a ring of protection from fire (left branch)
 w - an amulet of guardian spirit (around neck)
Wands
 p - a wand of mindburst (34)
 y - a wand of iceblast (10)
 G - a wand of charming (1)
Scrolls
 d - 2 scrolls of identify
 e - 2 scrolls of silence
 i - a scroll of enchant armour
 n - 2 scrolls of enchant weapon
 q - 2 scrolls of poison
 C - a scroll of torment
 E - a scroll of immolation
Potions
 b - 2 potions of magic
 c - a potion of mutation
 f - a potion of resistance {unknown}
 j - 3 potions of curing
 k - a potion of attraction
 l - 3 potions of haste
 t - a potion of invisibility
 v - a potion of cancellation
 D - a potion of lignification


   Skills:
 + Level 3.4 Fighting
 + Level 0.5 Short Blades
 + Level 4.1 Maces & Flails
 + Level 4.0 Armour
 * Level 8.9 Dodging
 - Level 2.0 Stealth
 * Level 7.9 Spellcasting
 + Level 9.7 Conjurations
 * Level 14.6 Air Magic
 + Level 0.3 Poison Magic


You had 3 spell levels left.
You knew the following spells:

 Your Spells              Type           Power      Damage    Failure   Level
a - Shock                 Conj/Air       100%       1d9       1%          1
b - Static Discharge      Conj/Air       50%        3-10/arc  1%          2
c - Swiftness             Air            56%        N/A       1%          3
d - Airstrike             Air            28%        2d(4-20)  1%          4
e - Mephitic Cloud        Conj/Pois/Air  36%        N/A       1%          3
f - Lightning Bolt        Conj/Air       25%        1d41      1%          5
g - Corpse Rot            Necr/Pois/Air  25%        N/A       13%         4

Your spell library contained the following spells:

 Spells                   Type           Power      Damage    Failure   Level
 Conjure Ball Lightning   Conj/Air       25%        3x3d7     3%          6
 Poisonous Vapours        Pois/Air       68%        N/A       1%          2
 Dazzling Flash           Conj/Hex       48%        N/A       1%          3
 Blink                    Tloc           14%        N/A       16%         2
 Call Canine Familiar     Summ           7%         N/A       30%         3
 Lesser Beckoning         Tloc           7%         N/A       30%         3
 Ozocubu's Armour         Ice            7%         N/A       30%         3
 Portal Projectile        Hex/Tloc       14%        N/A       30%         3
 Tukima's Dance           Hex            7%         N/A       30%         3
 Iskenderun's Mystic Bla  Conj/Tloc      24%        2d7       3%          4
 Maxwell's Capacitive Co  Air            28%        ∞         36%         8
 Starburst                Conj/Fire      12%        6d5       45%         6
 Yara's Violent Unravell  Hex/Tmut       3%         3d4       54%         5
 Dispel Undead            Necr           7%         3d8       69%         4
 Leda's Liquefaction      Hex/Erth       3%         N/A       69%         4
 Passage of Golubria      Tloc           7%         N/A       69%         4
 Manifold Assault         Tloc           7%         N/A       95%         5
 Metabolic Englaciation   Hex/Ice        3%         N/A       95%         5
 Death Channel            Necr           3%         N/A       100%        6
 Simulacrum               Ice/Necr       3%         N/A       100%        6


Dungeon Overview and Level Annotations

Branches:
Dungeon (10/15)            Temple (0/1) D:5            Lair (0/5) D:10
    Orc: D:9-12

Altars:
Ashenzari
Kikubaaqudgha
Makhleb
Nemelex Xobeh
Okawaru
Qazlal
Ru
Uskayaw
Vehumet
Yredelemnul
The Shining One

Annotations:
D:8 2 transporters
D:10 Joseph, Nergalle


Innate Abilities, Weirdness & Mutations

You are a tree.
Your roots penetrate the ground, keeping you stationary.
You cannot be teleported.
You are immune to unholy pain and torment.
Your maximum health is greatly increased.
Your equipment is partially melded.
((You have a beak for a mouth.))
((You have claws for feet.))
Your magical nature lets you fly swiftly and evasively.
((Your flesh is cold resistant. (rC+)))
You passively map a small area around you.


Message History

Casting: Shock (safe; 1% risk of failure)
Confirm with . or Enter, or press ? or * to list all spells.
The yaktaur is struck by an arc of lightning!
The yaktaur is heavily wounded.
The cyclops is struck by an arc of lightning!
The cyclops is lightly wounded.
The lightning grounds out.
Unknown command.
You puncture the yaktaur! Your kick misses the yaktaur.
You peck the yaktaur, but do no damage.
The yaktaur is severely wounded.
The yaktaur hits you!
* * * LOW HITPOINT WARNING * * *
Unknown command.
Really quaff the potion of lignification?
You turn into a tree.
Your +1 leather armour melds into your body.
Your roots penetrate the ground.
The yaktaur hits you but does no damage.
Unknown command.
A red film seems to cover your vision as you go berserk!
You feel yourself moving faster!
You feel mighty! The yaktaur hits you.
* * * LOW HITPOINT WARNING * * *
You barely miss the yaktaur.
The yaktaur is severely wounded.
You hit the yaktaur but do no damage.
The yaktaur is severely wounded.
The yaktaur hits you but does no damage.
You puncture the yaktaur!
The yaktaur is almost dead.
The yaktaur hits you.
* * * LOW HITPOINT WARNING * * *
You puncture the yaktaur!
You kill the yaktaur!
Vehumet accepts your kill.
The yaktaur wields a +1 arbalest of freezing.
It is covered in frost.
The yaktaur shoots a bolt.
The bolt hits you!!
* * * LOW HITPOINT WARNING * * *
The bolt freezes you.
You die...

* ,. * #.# * *. *
... ##., , * #.#
,**,* #..# ###
##c## * , *
....##.# **... *
,,,* * ..
#....#####.####* *
...##....##.##C##(#
*
...#.....'..)[c)♣.#
*
........)##.##.##)#
*
.........#####.####
, , .#.......##
*$.. *
.#........#######*
,, .#.......>.####
* ,
.#...."........., ,
,, ................
,, ,
................ ,


You could see a cyclops and a yaktaur.

Vanquished Creatures
  2 two-headed ogres (D:10)
  A tengu warrior (D:10)
  An orange crystal statue (D:9)
  An ice statue (D:9)
  An efreet (D:9)
  A yaktaur (D:10)
  2 trolls
  Sigmund (D:3)
  10 yaks
  2 wyverns
  A vampire mosquito (D:10)
  The ghost of bchevrier the Prestidigitator, an amateur GnWn of Hepliaklqana (D:4)
  4 water moccasins
  2 orc warriors
  3 ice beasts
  3 sky beasts
  3 black bears
  A phantom (D:6)
  6 centaurs
  5 kobold brigands
  3 bullfrogs
  3 gnoll sergeants
  2 necrophages
  3 scorpions
  5 wights
  8 killer bees
  A howler monkey (D:10)
  3 hounds
  2 orc priests (D:8)
  2 jellies
  2 gnoll boudas
  4 iguanas
  A human zombie (D:4)
  8 orc wizards
  A scorpion zombie (D:4)
  Natasha (thrice) (D:2)
  A hound zombie (D:4)
  2 mummies (D:4)
  12 adders
  19 gnolls
  3 white imps
  2 adder zombies (D:4)
  A worm (D:5)
  2 dart slugs
  42 orcs
  4 bats
  5 endoplasms
  2 giant cockroaches
  4 goblins
  7 hobgoblins
  2 quokkas
  7 ball pythons
  5 frilled lizards
  27 kobolds
  A quokka zombie (D:4)
  2 rats
252 creatures vanquished.

Vanquished Creatures (others)
  3 fungi (D:10)
  12 plants (D:10)
15 creatures vanquished.

Grand Total: 267 creatures vanquished

Notes
Turn   | Place    | Note
-------+----------+-------------------------------------------
     0 | D:1      | Icepheonix32 the Tengu Air Elementalist began the quest for
                  | the Orb.
     0 | D:1      | Reached XP level 1. HP: 10/10 MP: 4/4
   155 | D:1      | Reached XP level 2. HP: 15/15 MP: 4/6
   743 | D:1      | Found a faded altar of an unknown god.
   927 | D:1      | Reached skill level 5 in Air Magic
   927 | D:1      | Reached XP level 3. HP: 15/19 MP: 3/7
  1034 | D:2      | Reached XP level 4. HP: 1/24 MP: 0/8
  1523 | D:2      | Learned a level 2 spell: Static Discharge
  1527 | D:2      | Learned a level 3 spell: Swiftness
  1564 | D:2      | Noticed Natasha
  1568 | D:2      | Killed Natasha
  1615 | D:2      | Found a radiant altar of Vehumet.
  1625 | D:2      | Became a worshipper of Vehumet
  1897 | D:2      | Noticed Natasha
  1905 | D:2      | Killed Natasha
  1906 | D:2      | Gained mutation: Your magical nature lets you fly swiftly
                  | and evasively. [Tengu growth]
  1906 | D:2      | Reached XP level 5. HP: 28/28 MP: 0/10
  2115 | D:2      | Noticed Natasha
  2122 | D:2      | Killed Natasha
  2197 | D:3      | Reached skill level 6 in Air Magic
  2227 | D:3      | Found a burning altar of Makhleb.
  2281 | D:3      | Found a glowing golden altar of the Shining One.
  2546 | D:3      | Noticed Sigmund
  2564 | D:3      | Killed Sigmund
  2565 | D:3      | Reached skill level 1 in Armour
  2565 | D:3      | Reached XP level 6. HP: 7/32 MP: 2/11
  2919 | D:3      | Found a radiant altar of Vehumet.
  3419 | D:3      | Found a sparkling altar of Nemelex Xobeh.
  3981 | D:4      | Found an iron altar of Okawaru.
  4116 | D:4      | Reached skill level 7 in Air Magic
  4237 | D:4      | Reached skill level 5 in Conjurations
  4237 | D:4      | Reached XP level 7. HP: 23/36 MP: 3/13
  4355 | D:4      | Found a sacrificial altar of Ru.
  4433 | D:4      | Reached * piety under Vehumet
  4433 | D:4      | Offered knowledge of Foxfire by Vehumet.
  4435 | D:4      | Found a basalt altar of Yredelemnul.
  4631 | D:4      | Found a runed translucent door.
  4635 | D:4      | Noticed bchevrier's ghost (amateur GnWn)
  4658 | D:4      | Killed bchevrier's ghost
  4899 | D:4      | Learned a level 4 spell: Airstrike
  5181 | D:4      | Reached skill level 1 in Maces & Flails
  5181 | D:4      | Reached XP level 8. HP: 42/42 MP: 7/14
  5205 | D:4      | Found an ancient bone altar of Kikubaaqudgha.
  5221 | D:4      | Reached skill level 8 in Air Magic
  5389 | D:5      | Entered Level 5 of the Dungeon
  5536 | D:5      | Reached skill level 1 in Fighting
  5862 | D:5      | Found a staircase to the Ecumenical Temple.
  6011 | D:5      | Offered knowledge of Poisonous Vapours by Vehumet.
  6015 | D:5      | Learned a level 2 spell: Poisonous Vapours
  6083 | D:5      | Reached ** piety under Vehumet
  6181 | D:5      | Reached skill level 9 in Air Magic
  6509 | D:5      | Reached XP level 9. HP: 48/48 MP: 8/17
  6515 | D:5      | Learned a level 5 spell: Lightning Bolt
  6824 | D:6      | Reached skill level 10 in Air Magic
  7155 | D:6      | Reached skill level 5 in Spellcasting
  7743 | D:6      | Offered knowledge of Mephitic Cloud by Vehumet.
  8003 | D:6      | Learned a level 3 spell: Mephitic Cloud
  8077 | D:6      | Reached *** piety under Vehumet
  8197 | D:6      | Found a hide-covered altar of Uskayaw.
  8443 | D:6      | Identified a scroll of acquirement
  8443 | D:6      | Acquired 509 gold pieces
  8561 | D:7      | Reached skill level 5 in Dodging
  8561 | D:7      | Reached skill level 11 in Air Magic
  9015 | D:7      | Gained mutation: Your flesh is cold resistant. (rC+)
                  | [potion of mutation]
  9015 | D:7      | Gained mutation: You passively map a small area around you.
                  | [potion of mutation]
  9533 | D:7      | Reached XP level 10. HP: 37/54 MP: 9/19
 10007 | D:8      | Offered knowledge of Flame Wave by Vehumet.
 10425 | D:8      | Reached **** piety under Vehumet
 10520 | D:8      | Found a stormy altar of Qazlal.
 10725 | D:8      | Noticed a toenail golem
 10752 | D:8      | Found a transporter.
 10812 | D:8      | Found a transporter.
 11201 | D:9      | Offered knowledge of Conjure Flame by Vehumet.
 11646 | D:7      | Reached skill level 12 in Air Magic
 12024 | D:9      | Noticed an ice statue
 12038 | D:9      | Killed an ice statue
 12370 | D:9      | Noticed an orange crystal statue
 12564 | D:9      | Noticed a two-headed ogre
 12564 | D:9      | Noticed a two-headed ogre
 12685 | D:9      | Killed an orange crystal statue
 12805 | D:10     | Entered Level 10 of the Dungeon
 12805 | D:10     | Found a broken altar of Ashenzari.
 12812 | D:10     | Reached skill level 13 in Air Magic
 13037 | D:9      | Learned a level 4 spell: Corpse Rot
 13084 | D:10     | Reached XP level 11. HP: 47/60 MP: 10/22
 13453 | D:10     | Noticed Joseph
 13836 | D:10     | Noticed a two-headed ogre
 13842 | D:10     | Killed a two-headed ogre
 13843 | D:10     | Reached skill level 14 in Air Magic
 13846 | D:10     | Noticed a tengu warrior
 13848 | D:10     | Killed a tengu warrior
 13848 | D:10     | Reached ***** piety under Vehumet
 13848 | D:10     | Offered knowledge of Conjure Ball Lightning by Vehumet.
 13863 | D:10     | Noticed a two-headed ogre
 13880 | D:10     | Found a staircase to the Lair.
 13883 | D:10     | Noticed Nergalle
 14160 | D:10     | Noticed a two-headed ogre
 14168 | D:10     | Killed a two-headed ogre
 14490 | D:10     | Noticed a cyclops
 14500 | D:10     | HP: 5/135 [yaktaur/bolt (19)]
 14500 | D:10     | Shot with a bolt by a yaktaur

Illustrated notes

Levels and vault maps discovered:
D:1:      evilmike_arrival_rings, layout_rooms,
          hellmonk_ecumenical_altar_heavens_door
D:2:      layout_basic, basic_altar, minmay_tiny_reverse_x, uniq_natasha
D:3:      layout_basic, overflow_temple_1_default, lemuel_doored_altar,
          mainiacjoe_overflow_catwalk_spiral, uniq_sigmund
D:4:      layout_loops_ring, okawaru_gym_becter, mainiacjoe_overflow_two_lobes,
          lemuel_mausoleum_altar_kikubaaqudgha, ebering_ghost_sewer_d
D:5:      layout_basic, minmay_temple_entry_statues_fountains,
          minmay_manual_mess
D:6:      layout_cave_pods, lemuel_tele_altar
D:7:      layout_loops_ring
D:8:      layout_basic, kennysheep_mini, gammafunk_ghost_abyssal_escape,
          serial_curves, eino_curves_04, eino_curves_02, eino_curves_04
D:9:      minmay_separated_statues, layout_layer_cave, palyth_stone_intersect
D:10:     hangedman_cross_veins, layout_layer_cave, cheibrodos_ashenzari_chains,
          minmay_lair_entry_grove, uniq_nergalle, uniq_maggie, uniq_joseph

Skill      XL: |  1  2  3  4  5  6  7  8  9 10 11 |
---------------+----------------------------------+-----
Conjurations   | 2 3 4 5 6 7 8 9 |  9.7
Air Magic      | 5 6 7 9 11 13 14 | 14.6
Armour         | 1 2 3 4 |  4.0
Spellcasting   | 3 4 5 7 |  7.9
Maces & Flails | 1 2 3 4 |  4.1
Fighting       | 2 3 |  3.4
Dodging        | 3 5 7 8 |  8.9
Short Blades   | |  0.5
Stealth        | |  2.0
Poison Magic   | |  0.3

Action                   |  1- 3 |  4- 6 |  7- 9 | 10-12 || total
-------------------------+-------+-------+-------+-------++-------
Melee: Unarmed           |     5 |       |       |       ||     5
       Kick              |     5 |     1 |    20 |     8 ||    34
       Short sword       |     7 |     1 |       |       ||     8
       Peck              |     2 |       |     9 |     7 ||    18
       Dagger            |       |     4 |       |       ||     4
       Morningstar       |       |       |    64 |    37 ||   101
       Punch             |       |       |       |     1 ||     1
 Cast: Shock             |    47 |    95 |   264 |   163 ||   569
       Static Discharge  |       |     5 |     7 |    21 ||    33
       Airstrike         |       |       |     9 |    20 ||    29
       Poisonous Vapours |       |       |     1 |       ||     1
       Lightning Bolt    |       |       |       |    14 ||    14
       Mephitic Cloud    |       |       |       |     5 ||     5
       Corpse Rot        |       |       |       |     1 ||     1
  Use: Scroll            |     5 |     6 |     7 |     7 ||    25
       Potion            |       |       |     9 |     5 ||    14
 Stab: Sleeping          |       |       |     1 |       ||     1
Armor: Leather armour    |    10 |     4 |    27 |    16 ||    57
       Skin              |       |       |       |     2 ||     2
Dodge: Dodged            |    19 |    15 |   132 |   157 ||   323
